 Dungeon Crawl Stone Soup version 0.28.0-53-g5a82cb258f (webtiles) character file.

Game seed: 15617678148382288145

1217 Doot the Sneak (level 8, -2/44 (52) HPs)
             Began as an Octopode Hedge Wizard on June 16, 2022.
             Slain by a scorpion (10 damage)
             ... on level 6 of the Dungeon.
             The game lasted 00:15:51 (4926 turns).

Doot the Sneak (Octopode Hedge Wizard)              Turns: 4926, Time: 00:15:52

HP:   -2/44 (52)    AC:  1    Str: 10    XL:     8   Next: 46%
MP:   15/15         EV: 14    Int: 18    God:
Gold: 249           SH:  0    Dex: 11    Spells: 6/17 levels left

rFire   . . .      SeeInvis .   v - +0 rapier
rCold   . . .      Faith    .   i - orb {*channel}
rNeg    . . .      Spirit   .   b - +0 hat
rPois   .          Reflect  .   d - amulet of regeneration
rElec   .          Harm     .   h - ring of resist corrosion
rCorr   +          Rampage  .   w - ring of willpower
Will    +....                   (no ring)
Stlth   ++++......              (no ring)
HPRegen 0.94/turn               (no ring)
MPRegen 0.14/turn               (no ring)
                                (no ring)
                                (no ring)

@: heavily drained
A: almost no armour, amphibious, 8 rings, camouflage 1, gelatinous body 1,
(nimble swimmer 1), tentacles
a: no special abilities


You were on level 6 of the Dungeon.
You visited 1 branch of the dungeon, and saw 6 of its levels.
You also visited: Sewer.

You collected 249 gold pieces.

Inventory:

Hand Weapons
 a - a +0 dagger
 v - a +0 rapier (weapon)
Armour
 b - a +0 hat (worn)
 i - an orb of energy (worn)
Jewellery
 d - an amulet of regeneration (around mantle)
 h - a ring of resist corrosion (left tentacle)
 w - a ring of willpower (right tentacle)
 y - a ring of fire
Wands
 t - a wand of flame (14)
Scrolls
 c - 2 scrolls of identify {unknown}
 f - 4 scrolls of teleportation {unknown}
 j - a scroll of immolation {unknown}
 n - a scroll of summoning {unknown}
 o - a scroll of blinking {unknown}
 p - a scroll of fear {unknown}
 q - a scroll of magic mapping {unknown}
 s - 2 scrolls of enchant armour {unknown}
 u - a scroll of noise {unknown}
Potions
 e - 2 potions of might {unknown}
 g - 3 potions of curing {unknown}
 k - a potion of haste {unknown}
 l - a potion of resistance {unknown}
 m - 2 potions of degeneration {unknown}
 r - a potion of brilliance {unknown}
 x - a potion of mutation {unknown}
 z - a potion of lignification {unknown}


   Skills:
 + Level 3.1 Fighting
 + Level 3.2 Short Blades
 + Level 4.0 Dodging
 + Level 6.4 Stealth
 + Level 5.1 Spellcasting
 + Level 3.4 Conjurations
 + Level 1.3 Summonings
 + Level 1.0 Translocations
 + Level 1.3 Fire Magic
 + Level 1.2 Air Magic
 + Level 1.1 Poison Magic
 + Level 0.6 Evocations


You had 6 spell levels left.
You knew the following spells:

 Your Spells              Type           Power      Damage    Failure   Level
a - Magic Dart            Conj           64%        1d6       3%          1
b - Blink                 Tloc           16%        N/A       13%         2
c - Call Imp              Summ           9%         N/A       12%         2
d - Conjure Flame         Conj/Fire      13%        6-21      14%         3
e - Mephitic Cloud        Conj/Pois/Air  11%        N/A       19%         3

Your spell library contained the following spells:

 Spells                   Type           Power      Damage    Failure   Level
 Slow                     Hex            16%        N/A       13%         1


Dungeon Overview and Level Annotations

Branches:
Dungeon (6/15)             Temple (0/1) D:6           Sewer (visited)

Altars:
Dithmenos
Trog
Xom
The Shining One

Shops:
D:5 (

Annotations:
D:3 Ijyb
D:6 Maggie


Innate Abilities, Weirdness & Mutations

You cannot wear most types of armour.
You are amphibious.
You can wear up to eight rings at the same time.
Your skin changes colour to match your surroundings (Stealth+).
Your rubbery body absorbs attacks. (AC +1, EV +1)
((You are camouflaged when in or above water. (Stealth+)))
You have tentacles for arms and can constrict up to eight enemies at once.


Message History

You hit the gnoll. You grab the gnoll.
The gnoll is moderately wounded.
You constrict the gnoll. The gnoll hits you with a +0 club.
The gnoll completely misses you.
You hit the gnoll.
The gnoll is severely wounded.
You constrict the gnoll. The gnoll hits you with a +0 club!
The gnoll misses you.
You hit the gnoll but do no damage.
The gnoll is almost dead.
You constrict the gnoll.
You kill the gnoll!
The gnoll misses you.
Unknown command.
You puncture the gnoll! Your grab misses the gnoll.
The gnoll is heavily wounded.
The gnoll hits you with a +0 club.
You puncture the gnoll!
You kill the gnoll!
You see here a +0 dagger.
There is an escape hatch in the floor here.
HP restored.
Magic restored.
There is a stone staircase leading down here.
You climb downwards.
You hear the hiss of flowing sand.
There is an entrance to an ossuary on this level.
Hurry and find it before the portal is buried!
Level annotation: Maggie You hear the slow hiss of an avalanche of sand very nearby.
The wight hits you with a +5 mace of freezing!
You feel drained. The wight freezes you. The wight closely misses you.
The scorpion closely misses you. The wight hits you with a +3 flail!
The wight hits you with a +5 mace of freezing.
* * * LOW HITPOINT WARNING * * *
You feel drained.
* * * LOW HITPOINT WARNING * * *
The wight freezes you.
* * * LOW HITPOINT WARNING * * *
The scorpion stings you!
You die...

..... .#
... ##
#.# #
..... #.#
.# .....
#.##.#
#...
##....#
..
.....#.#
#
#.zz...#
#@..#
#sz....#
#.#.....#
#.....$..
... .....
#........
#... .##.
#>.....


You could see a scorpion and 3 wights.

Vanquished Creatures
  Sigmund (D:5)
  Menkaure (D:5)
  A water moccasin (D:5)
  A bullfrog (D:4)
  2 kobold brigands (Sewer)
  A scorpion (D:5)
  A water moccasin skeleton (D:5)
  2 wights (D:5)
  2 hounds (D:5)
  Crazy Yiuf (D:5)
  2 centaur skeletons (D:5)
  2 iguanas
  2 gnolls (D:5)
  12 adders
  3 river rats
  A white imp (D:5)
  2 ufetubi (D:5)
  2 adder skeletons (D:4)
  2 dart slugs
  2 orcs
  5 ball pythons
  4 endoplasms
  2 giant cockroaches (D:4)
  5 goblins
  5 hobgoblins
  3 jackals (Sewer)
  6 kobolds
  4 frilled lizards
  3 rats
80 creatures vanquished.

Vanquished Creatures (collateral kills)
  2 worms
  A hobgoblin (D:2)
  2 rats (D:4)
5 creatures vanquished.

Vanquished Creatures (others)
  4 fungi (D:5)
  17 plants (Sewer)
21 creatures vanquished.

Grand Total: 106 creatures vanquished

Notes
Turn   | Place    | Note
-------+----------+-------------------------------------------
     0 | D:1      | Doot the Octopode Hedge Wizard began the quest for the Orb.
     0 | D:1      | Reached XP level 1. HP: 11/11 MP: 4/4
   292 | D:1      | Reached XP level 2. HP: 15/17 MP: 0/6
   295 | D:1      | Learned a level 2 spell: Blink
   298 | D:1      | Learned a level 2 spell: Call Imp
   617 | D:2      | Reached skill level 3 in Stealth
   617 | D:2      | Reached XP level 3. HP: 21/21 MP: 2/8
  1195 | D:2      | Reached XP level 4. HP: 27/27 MP: 6/9
  1249 | D:3      | Reached skill level 1 in Short Blades
  1318 | D:3      | Noticed Ijyb
  1341 | D:4      | Learned a level 3 spell: Conjure Flame
  1352 | D:4      | Found a glowing golden altar of the Shining One.
  1535 | D:4      | Found a shimmering altar of Xom.
  1537 | D:4      | Found a bloodstained altar of Trog.
  1635 | D:4      | Noticed a bullfrog
  1729 | D:4      | Found a glowing drain.
  1751 | D:4      | Reached XP level 5. HP: 28/31 MP: 8/11
  1757 | Sewer    | Entered a sewer
  1777 | Sewer    | Noticed a kobold brigand
  1786 | Sewer    | Learned a level 3 spell: Mephitic Cloud
  1820 | Sewer    | Killed a kobold brigand
  1917 | Sewer    | Noticed a kobold brigand
  1933 | Sewer    | Killed a kobold brigand
  1934 | Sewer    | Reached XP level 6. HP: 16/37 MP: 6/12
  2145 | Sewer    | Reached skill level 4 in Stealth
  2736 | D:5      | Entered Level 5 of the Dungeon
  2736 | D:5      | Found Haczolo's Weapon Shop.
  2762 | D:5      | Noticed Menkaure
  2793 | D:4      | Reached skill level 1 in Fighting
  3404 | D:5      | Reached XP level 7. HP: 36/43 MP: 11/14
  3624 | D:5      | Found a shadowy altar of Dithmenos.
  3660 | D:5      | Killed Menkaure
  3661 | D:5      | Reached skill level 5 in Stealth
  3661 | D:5      | Reached skill level 5 in Spellcasting
  3809 | D:5      | Reached skill level 1 in Poison Magic
  4032 | D:5      | Noticed Sigmund
  4043 | D:5      | Killed Sigmund
  4044 | D:5      | Reached XP level 8. HP: 51/51 MP: 15/15
  4159 | D:5      | Reached skill level 6 in Stealth
  4434 | D:5      | Reached skill level 1 in Fire Magic
  4638 | D:5      | Found a runed translucent door.
  4639 | D:5      | Noticed Crazy Yiuf
  4652 | D:5      | Killed Crazy Yiuf
  4653 | D:5      | Reached skill level 1 in Air Magic
  4750 | D:6      | Found a staircase to the Ecumenical Temple.
  4877 | D:6      | Noticed Maggie
  4926 | D:6      | Slain by a scorpion

Illustrated notes

Levels and vault maps discovered:
D:1:      wander_arrival_peaceful_grave, layout_basic,
          shapermc_ecumenical_altar_acropolis
D:2:      layout_loops_ring, minmay_tetromino_l4
D:3:      layout_loops_ring, mainiacjoe_overflow_alcove_4,
          nzn_wu_jian_contemplation, serial_park_tiny_1,
          kennysheep_generic_room_6, uniq_robin, uniq_ijyb, uniq_grinder
D:4:      layout_layer_cave, kennysheep_mini,
          chequers_temple_overflow_statue_of_worship, portal_sewer_entry_e
D:5:      layout_loops_ring, mainiacjoe_overflow_boulevard, serial_shops,
          nicolae_stop_n_shop_2, uniq_crazy_yiuf_cottage, uniq_sigmund,
          uniq_menkaure
D:6:      layout_rooms, jmf_multi_god_temple, minmay_temple_entry_arrows,
          enter_ossuary_3, serial_park_tiny_pond, uniq_maggie

Skill      XL: |  1  2  3  4  5  6  7  8 |
---------------+-------------------------+-----
Stealth        | 3 4 5 6 |  6.4
Short Blades   | 1 2 3 |  3.2
Conjurations   | 2 3 |  3.4
Spellcasting   | 4 5 |  5.1
Fighting       | 1 2 3 |  3.1
Dodging        | 3 4 |  4.0
Poison Magic   | 1 |  1.1
Fire Magic     | 1 |  1.3
Air Magic      | 1 |  1.2
Summonings     | |  1.3
Translocations | |  1.0
Evocations     | |  0.6

Action                   |  1- 3 |  4- 6 |  7- 9 || total
-------------------------+-------+-------+-------++-------
Melee: Dagger            |    24 |    92 |    16 ||   132
       Constrict         |     5 |    18 |    11 ||    34
       Tentacles         |     4 |    26 |    16 ||    46
       Punch             |       |     3 |     4 ||     7
       Rapier            |       |       |    41 ||    41
 Cast: Magic Dart        |    41 |    44 |    23 ||   108
       Call Imp          |     2 |     2 |       ||     4
       Mephitic Cloud    |       |     3 |     2 ||     5
       Conjure Flame     |       |       |     5 ||     5
       Blink             |       |       |     2 ||     2
Evoke: Wand              |       |       |     6 ||     6
 Stab: Sleeping          |     4 |     7 |     4 ||    15
       Confused          |       |     2 |     1 ||     3
Armor: Skin              |     2 |     6 |     4 ||    12
Dodge: Dodged            |    14 |    78 |    38 ||   130
